 Dungeon Sprint DCSS version 0.31-a0-16-g6d2539766c (webtiles) character file.

Game seed: 499432989976950837

800000 sircluck the Trooper (level 1, -13/19 HPs)
             Began as a Hill Orc Fighter on May 8, 2023.
             Mangled by a bag of meat
             ... wielding a +9 war axe
              (29 damage)
             ... in the Dungeon (Sprint VIII: "Arena of Blood").
             The game lasted 00:00:13 (8 turns).

sircluck the Trooper (Hill Orc Fighter)                Turns: 8, Time: 00:00:13

Health: -13/19     AC:  6    Str: 18    XL:     1   Next: 0%
Magic:  1/1        EV:  9    Int:  8    God:
Gold:   0          SH:  0    Dex: 10    Spells: 0/0 levels left

rFire   . . .        j - +∞ Axe of Woe
rCold   . . .        (shield currently unavailable)
rNeg    . . .        a - +0 scale mail
rPois   .            (no helmet)
rElec   .            (no cloak)
rCorr   .            (no gloves)
SInv    .            (no boots)
Will    .....        (no amulet) Stlth
                     (no ring)
HPRegen 0.23/turn    (no ring)
MPRegen 0.07/turn

%: no teleportation
@: no status effects
A: no striking features
a: no special abilities


You were in the Dungeon.
You visited 1 branch

Inventory:

Hand Weapons
 j - the +∞ Axe of Woe (weapon)
   (You found it in the Dungeon)
Armour
 a - a +0 scale mail (worn)
 b - a +0 buckler
Scrolls
 i - a scroll of blinking
Potions
 c - a potion of might
 d - a potion of curing
 e - a potion of heal wounds
 f - a potion of haste
 g - 2 potions of magic
 h - a potion of berserk rage


   Skills:
 + Level 3.6 Fighting
 + Level 3.2 Armour
 + Level 3.2 Shields
 + Level 2.1 Unarmed Combat


You couldn't memorise any spells.
You didn't know any spells.
Your spell library was empty.

Dungeon Overview and Level Annotations

Branches:
Dungeon (1/1)

Altars:
Makhleb


Message History

Press ? for a list of commands and other information.
Found the +∞ Axe of Woe.
Found four burning altars of Makhleb.
Found a staircase leading out of the dungeon.
Unknown command.
Keep disrobing?
The bag of meat shouts!
You start removing your armour.
You continue taking off your +0 buckler.
You hear a shout! x5
You continue taking off your +0 buckler.
The bag of meat shouts! x2; You hear a shout! x8
You continue taking off your +0 buckler.
The bag of meat shouts! x2; You hear a shout! x4
You continue taking off your +0 buckler.
The bag of meat shouts!
You hear a shout! x12
You finish taking off your +0 buckler.
Unknown command.
Unknown command.
j - the +∞ Axe of Woe The bag of meat shouts! x2; You hear a shout! x9
j - the +∞ Axe of Woe (weapon)
The meat berserker appears out of thin air!
A meat berserker comes into view. It is wielding a +9 battleaxe.
The meat berserker shouts!
You hear a shout!
Unknown command.
You hear a shout! x8
You slice the bag of meat!!
You dissect the bag of meat like a pig carcass.
You kill the bag of meat!
The meat berserker appears out of thin air!
A meat berserker comes into view. It is wielding a +9 battleaxe.
The meat berserker shouts!
You hear a shout! x11
A bag of meat comes into view. It is wielding a +9 war axe.
You hear a shout! x4
A bag of meat comes into view. It is wielding a +9 war axe.
The bag of meat hits you with a +9 war axe.
The bag of meat hits you with a +9 war axe!!
Ouch! That really hurt!
You die...

.o .. #. .# #..
..# .###..
o.###.
o.....###......
....._o....
#..)o.# #_o@._#
#o..o.#
..o.._.o.O.
......###O.....
.###.. ..###.
#.. ..# #. .#
.. ..


You could see 2 meat berserkers and 10 bags of meat.

Vanquished Creatures
  An orc (D)
1 creature vanquished.

Notes
Turn   | Place    | Note
-------+----------+-------------------------------------------
     0 | D        | Found the +∞ Axe of Woe
     0 | D        | sircluck the Hill Orc Fighter began the quest for the Orb.
     0 | D        | Reached XP level 1. HP: 19/19 MP: 1/1
     0 | D        | Noticed a bag of meat
     1 | D        | Noticed a bag of meat
     1 | D        | Noticed a bag of meat
     2 | D        | Noticed a bag of meat
     2 | D        | Noticed a bag of meat
     2 | D        | Noticed a bag of meat
     3 | D        | Noticed a bag of meat
     4 | D        | Noticed a bag of meat
     4 | D        | Noticed a bag of meat
     6 | D        | Noticed a meat berserker
     8 | D        | Killed a bag of meat
     8 | D        | Noticed a meat berserker
     8 | D        | Noticed a bag of meat
     8 | D        | Noticed a bag of meat
     8 | D        | Mangled by a bag of meat

Illustrated notes

Levels and vault maps discovered:
D:        meatsprint

Action                     || total
---------------------------++-------
  Melee: Executioner's axe ||     1

Table legend: (Time is in decaauts)
 A = Elapsed time spent in this place.
 B = Non-inter-level travel time spent in this place.
 C = Inter-level travel time spent in this place.
 D = Time resting spent in this place.
 E = Time spent auto-exploring this place.
 F = Levels seen in this place.
 G = Mean time per level.
                   A        B        C        D        E       F      G
               +--------+--------+--------+--------+--------+-----+--------+
         Total |      7 |      7 |      0 |      0 |      0 |   1 |    7.0 |
       Dungeon |      7 |      7 |      0 |      0 |      0 |   1 |    7.0 |
               +--------+--------+--------+--------+--------+-----+--------+

Top non-repeatable levels by time:
       D: 7 daAuts
